 Dungeon Sprint DCSS version 0.20.1-1-g8b1a95d (webtiles) character file.

400 JustSomeDude the Grappler (level 6, -1/102 HPs)
             Began as a Troll Monk on Aug 27, 2017.
             Was a High Priest of Jiyva.
             Shot with an arrow by a centaur warrior (32 damage)
             ... in the Dungeon (Sprint I: "Red Sonja").
             The game lasted 00:01:57 (174 turns).

JustSomeDude the Grappler (Troll Monk)               Turns: 174, Time: 00:01:58

Health: -1/102     AC:  5    Str: 27    XL:     6   Next: 54%
Magic:  5/5        EV: 11    Int:  6    God:    Jiyva [*****.]
Gold:   324        SH:  0    Dex: 12    Spells: 5/5 levels left

rFire    . . .     SeeInvis .     - Unarmed
rCold    . . .     Gourm    +   (no shield)
rNeg     . . .     Faith    .   a - +0 robe
rPois    .         Spirit   .   (helmet restricted)
rElec    .         Reflect  .   (no cloak)
rCorr    +         Harm     .   (gloves unavailable)
MR       +....     NoTele   +   (boots unavailable)
Stlth    ..........             (no amulet)
Regen    0.7/turn               (no ring)
MPRegen  0.1/turn               (no ring)

@: berserking, hasted, very heavily drained, very quick
A: unfitting armour, claws 3, fast metabolism 3, gourmand, magic resistance 1,
regeneration 1, shaggy fur 1, tough skin 2, evolution 1
a: Request Jelly, Slimify, Cure Bad Mutation, Renounce Religion


You were in the Dungeon.
You worshipped Jiyva.
Jiyva was extremely pleased with you.
You were completely stuffed.

You visited 1 branch You collected 324 gold pieces.

Inventory:

Armour
 a - a +0 robe (worn)
Scrolls
 h - a scroll of blinking
 j - a scroll of magic mapping {unknown}
Potions
 f - 2 potions of magic
 i - a potion of ambrosia {unknown}
Comestibles
 b - 2 bread rations
 k - 6 chunks of flesh


   Skills:
 + Level 6.8(3.6) Fighting
 + Level 6.6(3.4) Dodging
 + Level 2.2(0.0) Stealth
 + Level 9.4(6.0) Unarmed Combat


You had 5 spell levels left.
You didn't know any spells.

Dungeon Overview and Level Annotations

Branches:
Dungeon (1/1)

Altars:
Cheibriados
Dithmenos
Elyvilon
Fedhas
Gozag
Hepliaklqana
Kikubaaqudgha
Makhleb
Nemelex Xobeh
Okawaru
Qazlal
Ru
Sif Muna
Trog
Uskayaw
Vehumet
Xom
Yredelemnul
Zin
The Shining One
Jiyva
Lugonu

Shops:
D *

Annotations:
D Sonja


Innate Abilities, Weirdness & Mutations

You are too large for most types of armour.
You have claws for hands.
Your metabolism is lightning-fast.
You like to eat raw meat.
Your natural rate of healing is unusually fast.
You are covered in fur. (AC +1)
You have very tough skin. (AC +2)
You are resistant to hostile enchantments. (MR+)
You evolve.


Message History

Sonja barely misses you.
Sonja hits you with an uncursed short sword of draining.
You feel drained.
A centaur warrior comes into view.
You feel better.
The deep troll shouts!
Sonja zaps a wand.
The bolt of lightning hits you!
The centaur warrior wields a longbow.
The centaur warrior shoots an arrow.
The arrow hits you.
Sonja hits you with an uncursed short sword of draining.
You feel drained.
Sonja hits you with an uncursed short sword of draining.
You feel drained. Sonja hits you but does no damage.
You feel drained.
A red film seems to cover your vision as you go berserk!
You feel yourself moving faster!
You feel mighty!
Sonja zaps a wand.
The bolt of lightning hits you!
You claw Sonja!
Sonja is moderately wounded.
The centaur warrior shoots an arrow.
The arrow hits you!!
You die...

#..#####'#####'#__####
#..####..#...#.####§
#..#__####..##.#§§≈§
#..#_____##'#..J≈≈≈§
#⌠⌠#_.∩...'...§#
####_..__##_.#'#
#_____###'#)#
#########.####c##
.......@.....T.
..####.K.###### ##.##
#+#


You could see a centaur warrior, a deep troll and Sonja.

Vanquished Creatures
  Sigmund (D)
  A yak (D)
  An ogre (D)
  Ijyb (D)
4 creatures vanquished.

Vanquished Creatures (others)
  A kobold demonologist (D)
  A floating eye (D)
  6 jellies (D)
8 creatures vanquished.

Grand Total: 12 creatures vanquished

Notes
Turn   | Place    | Note
-------+----------+-------------------------------------------
     0 | D        | JustSomeDude the Troll Monk began the quest for the Orb.
     0 | D        | Reached XP level 1. HP: 22/22 MP: 0/0
     1 | D        | Noticed Ijyb
    15 | D        | Killed Ijyb
    15 | D        | Reached skill level 4 in Unarmed Combat
    15 | D        | Reached XP level 2. HP: 27/31 MP: 1/1
    24 | D        | Noticed an ogre
    29 | D        | Killed an ogre
    29 | D        | Reached skill level 6 in Unarmed Combat
    29 | D        | Reached XP level 3. HP: 20/41 MP: 2/2
    29 | D        | Reached XP level 4. HP: 24/49 MP: 3/3
    39 | D        | Noticed Sigmund
    81 | D        | Killed Sigmund
    81 | D        | Reached skill level 5 in Dodging
    81 | D        | Reached skill level 8 in Unarmed Combat
    81 | D        | Reached XP level 5. HP: 58/59 MP: 4/4
    94 | D        | Found a burning altar of Makhleb.
    94 | D        | Found a viscous altar of Jiyva.
    94 | D        | Found a shimmering altar of Xom.
    94 | D        | Found a corrupted altar of Lugonu.
    94 | D        | Noticed a slime creature
   100 | D        | Became a worshipper of Jiyva Johaoc the Shapeless
   100 | D        | Reached * piety under Jiyva
   100 | D        | Reached ** piety under Jiyva
   114 | D        | Noticed a kobold demonologist
   119 | D        | Found a deep blue altar of Sif Muna.
   121 | D        | Found a radiant altar of Vehumet.
   133 | D        | Reached *** piety under Jiyva
   133 | D        | Gained mutation: You evolve. [Jiyva's grace]
   138 | D        | Found Zyrum's General Store.
   138 | D        | Found an ancient bone altar of Kikubaaqudgha.
   138 | D        | Found a hazy altar of Hepliaklqana.
   138 | D        | Found a hide-covered altar of Uskayaw.
   138 | D        | Found a basalt altar of Yredelemnul.
   138 | D        | Found an opulent altar of Gozag.
   138 | D        | Found a snail-covered altar of Cheibriados.
   138 | D        | Found a sacrificial altar of Ru.
   138 | D        | Found a shadowy altar of Dithmenos.
   138 | D        | Noticed a yak
   138 | D        | Reached **** piety under Jiyva
   139 | D        | Found a stormy altar of Qazlal.
   139 | D        | Found a blossoming altar of Fedhas.
   139 | D        | Found a bloodstained altar of Trog.
   139 | D        | Found an iron altar of Okawaru.
   139 | D        | Found a glowing golden altar of the Shining One.
   139 | D        | Found a glowing silver altar of Zin.
   139 | D        | Found a white marble altar of Elyvilon.
   139 | D        | Killed a kobold demonologist
   147 | D        | Killed a yak
   147 | D        | Reached skill level 9 in Unarmed Combat
   147 | D        | Reached XP level 6. HP: 60/68 MP: 5/5
   148 | D        | Found a sparkling altar of Nemelex Xobeh.
   151 | D        | Gained mutation: You are resistant to hostile enchantments. (MR+) [Jiyva's grace]
   151 | D        | Reached ***** piety under Jiyva
   165 | D        | Killed a floating eye
   166 | D        | Noticed Sonja
   168 | D        | Noticed a deep troll
   172 | D        | Noticed a centaur warrior
   174 | D        | Shot with an arrow by a centaur warrior

Skill      XL: |  1  2  3  4  5 |
---------------+----------------+-----
Fighting       | 3 4 6 |  6.8
Dodging        | 3 4 5 6 |  6.6
Unarmed Combat | 4 6 8 9 |  9.4
Stealth        | 2 |  2.2

Action                   |  1- 3 |  4- 6 || total
-------------------------+-------+-------++-------
Melee: Unarmed           |    17 |    16 ||    33
  Use: Potion            |       |     4 ||     4
 Stab: Sleeping          |       |     1 ||     1
  Eat: Chunk             |     2 |       ||     2
Armor: Robe              |     2 |     5 ||     7
Dodge: Dodged            |     6 |    14 ||    20
